 Dungeon Crawl Stone Soup version 0.21.0-24-g2553a33 (webtiles) character file.

102 Gorglomux the Skirmisher (level 4, -3/38 HPs)
             Began as a Demigod Wanderer on Jan 19, 2018.
             Blown up by an orc (12 damage)
             ... with a wand of disintegration (12)
             ... on level 3 of the Dungeon.
             The game lasted 00:02:11 (2898 turns).

Gorglomux the Skirmisher (Demigod Wanderer)         Turns: 2898, Time: 00:02:12

Health: -3/38      AC:  2    Str: 15    XL:     4   Next: 26%
Magic:  9/9        EV: 13    Int: 17    God:
Gold:   55         SH:  0    Dex: 16    Spells: 6/6 levels left

rFire    . . .     SeeInvis .   b - +0 quarterstaff
rCold    . . .     Gourm    .   (shield currently unavailable)
rNeg     . . .     Faith    .   d - +0 robe
rPois    .         Spirit   .   (no helmet)
rElec    .         Reflect  .   (no cloak)
rCorr    .         Harm     .   (no gloves)
MR       .....                  (no boots)
Stlth    ++........             (no amulet)
HPRegen  0.12/turn              (no ring)
MPRegen  0.11/turn              (no ring)

@: no status effects
A: high mp 1
a: no special abilities


You were on level 3 of the Dungeon.
You were hungry.

You visited 1 branch of the dungeon, and saw 3 of its levels.

You collected 55 gold pieces.

Inventory:

Hand Weapons
 a - a +2 spear
 b - a +0 quarterstaff (weapon)
Armour
 d - a +0 robe (worn)
Jewellery
 S - a cursed ring of teleportation {unknown}
Scrolls
 R - 4 scrolls of remove curse {unknown}
 U - 2 scrolls of magic mapping {unknown}
 V - a scroll of amnesia {unknown}
Potions
 Q - 2 potions of curing
 W - a potion of brilliance {unknown}
 X - a potion of cancellation {unknown}
Comestibles
 f - 3 rations
 Y - a chunk of flesh


   Skills:
 + Level 3.5 Fighting
 - Level 1.0(1.6) Polearms
 + Level 2.0(2.1) Staves
 + Level 2.3 Dodging
 - Level 1.0 Stealth
   Level 1.0 Shields
 - Level 1.7 Spellcasting
   Level 1.0 Conjurations


You had 6 spell levels left.
You didn't know any spells.

Dungeon Overview and Level Annotations

Branches:
Dungeon (3/15)

Annotations:
D:3 Mgcat's ghost, amateur DsFi


Innate Abilities, Weirdness & Mutations

You have an increased reservoir of magic. (+10% MP)


Message History

You see here a dagger!
You see here a stone!
An orc wizard appears from thin air!!!
Reactivating autopickup!
The orc wizard gestures wildly while chanting!
The orc wizard flickers and vanishes!!!
Deactivating autopickup; reactivate with Ctrl-A!
You see here 19 stones!
You crush the kobold but do no damage! The kobold hits you with a hand axe!
You barely miss the kobold! The kobold misses you!
Butt closely miss the kobold!
The kobold barely misses you!
You flatten the kobold like a pancake!
Butt annihilate the kobold!!!
The orc hits butt with a flail!
You completely miss the orc!
The orc hits you with a flail! * * * don't die
* * * Butt are feeling hungry!
The orc zaps a wand!
You barely resist!
Butt is a wand of disintegration (12)!
The orc butts a wand!
You are blasted!!! rip

.......# ##.#.##
######.# #....#
.....#.# #.#..#
#..#.#.# #.##.#
.......######<##.#
.#...#........##.#
.......#########.#
#..#.#.# #.#
#....#.# #####@#
#.####.# #.....#
#.# #.# #o#####
#.# #)# #.# #.#
#.#####o#
#.####.##..{.#
#...##.##{####
###.##.##.#
#.##.##.#


You could see an orc.

Vanquished Creatures
  3 adders
  2 dart slugs
  2 orcs (D:3)
  3 giant cockroaches
  4 goblins
  7 hobgoblins
  8 jackals (D:1)
  2 quokkas (D:3)
  8 bats
  5 frilled lizards
  13 kobolds
  6 rats (D:1)
63 creatures vanquished.

Notes
Turn   | Place    | Note
-------+----------+-------------------------------------------
     0 | D:1      | Gorglomux the Demigod Wanderer began the quest for the Orb.
     0 | D:1      | Gorglomux set off with: a +2 spear, a +0 quarterstaff, a +0 robe, a ration, a potion of curing
     0 | D:1      | Reached XP level 1. HP: 18/18 MP: 5/5
   270 | D:1      | Reached XP level 2. HP: 13/25 MP: 7/7
   464 | D:1      | Reached skill level 3 in Fighting
   471 | D:1      | Reached skill level 1 in Staves
   942 | D:1      | Reached XP level 3. HP: 27/31 MP: 8/8
  2080 | D:3      | Noticed Mgcat's ghost (amateur DsFi)
  2197 | D:3      | Reached XP level 4. HP: 14/38 MP: 9/9
  2759 | D:3      | Found a bloodstained altar of Trog.
  2898 | D:3      | Blown up by an orc

Skill      XL: |  1  2  3  4 |
---------------+-------------+-----
Fighting       | 3 |  3.5
Staves         | 1 2 |  2.0
Dodging        | 2 |  2.3
Polearms       | |  1.0
Stealth        | |  1.0
Shields        | |  1.0
Spellcasting   | |  1.7
Conjurations   | |  1.0

Action                   |  1- 3 |  4- 6 || total
-------------------------+-------+-------++-------
Melee: Quarterstaff      |   143 |    48 ||   191
 Stab: Sleeping          |     7 |       ||     7
  Eat: Chunk             |     4 |     2 ||     6
Armor: Robe              |    33 |     6 ||    39
Dodge: Dodged            |   110 |    37 ||   147
